 Dungeon Crawl Stone Soup version 0.13-a0-2156-ga9a2eb8 (webtiles) character file.

229 Kae the Chiller (level 3, -1/19 HPs)
             Began as a Deep Elf Ice Elementalist on June 30, 2013.
             Slain by Grinder (6 damage)
             ... on Level 3 of the Dungeon.
             The game lasted 00:02:19 (2283 turns).

Kae the Chiller (Deep Elf Ice Elementalist)         Turns: 2283, Time: 00:02:19

HP  -1/19        AC  6     Str  6      XL: 3   Next: 96%
MP  10/10        EV 13     Int 19      God:
Gold 163         SH  0     Dex 15      Spells:  2 memorised,  4 levels left

Res.Fire  : . . .   See Invis. : .   q - +0,+1 quarterstaff (crush)
Res.Cold  : . . .   Warding    : .   a - +0 elf robe
Life Prot.: . . .   Conserve   : .   (no shield)
Res.Poison: .       Res.Corr.  : .   o - +2 helmet
Res.Elec. : .       Clarity    : .   n - +0 cloak
Sust.Abil.: . .     Spirit.Shd : .   (no gloves)
Res.Mut.  : .       Stasis     : .   (no boots)
Res.Rott. : .       Flight     : .   (no amulet)
Saprovore : . . .                    (no ring)
                                     (no ring)

@: slightly resistant to hostile enchantments, fairly stealthy
A: no striking features
a: no special abilities


You were on level 3 of the Dungeon.
You were not hungry.

You visited 1 branch of the dungeon, and saw 3 of its levels.

You collected 143 gold pieces.

Inventory:

Hand weapons
 q - a +0,+1 quarterstaff of crushing (weapon)
Armour
 a - a +0 elven robe (worn)
 n - a +0 cloak (worn)
 o - a +2 helmet (worn)
Comestibles
 c - 4 bread rations
 d - a meat ration
 g - a snozzcumber
 r - a chunk of quokka flesh
Scrolls
 f - 3 scrolls of recharging {unknown}
 h - a scroll of remove curse {unknown}
 j - 5 scrolls of identify {unknown}
 l - a scroll of magic mapping {unknown}
 m - a scroll of teleportation {unknown}
Potions
 e - 2 potions of curing
 i - 3 potions of confusion {unknown}
 k - a potion of might {unknown}
 p - a potion of brilliance {unknown}
Books
 b - a book of Frost

   Spells                             Type                      Level
   *Freeze                            Ice                          1
   *Throw Frost                       Conjuration/Ice              2
   Ozocubu's Armour                   Charms/Ice                   3
   Throw Icicle                       Conjuration/Ice              4
   Summon Ice Beast                   Ice/Summoning                4
   Condensation Shield                Ice                          4


   Skills:
 - Level 2.4 Dodging
 - Level 2.4 Stealth
 + Level 2.9 Spellcasting
 * Level 2.1 Conjurations
 * Level 4.4 Ice Magic


You had 4 spell levels left.
You knew the following spells:

 Your Spells              Type           Power        Failure   Level  Hunger
a - Freeze                Ice            ###.         2%          1    None
b - Throw Frost           Conj/Ice       ###...       8%          2    ##.....


Dungeon Overview and Level Annotations

Branches:
Dungeon (3/27)

Altars:
Fedhas
Zin

Annotations
D:3 Grinder


Message History

You spend a moment contemplating the meaning of life.
Grinder is nearby!
You spend a moment contemplating the meaning of life.
Grinder is nearby!
You spend a moment contemplating the meaning of life.
Grinder is nearby!
Found a spear.
Grinder shouts!
Grinder hits you.
You writhe in agony.
You are too injured to fight recklessly!
You are too injured to fight recklessly!
You are too injured to fight recklessly!
You are too injured to fight recklessly!
Drink which item? (? for menu, Esc to quit)
You feel better.
It was a potion of curing.
Grinder hits you but does no damage.
You hit Grinder but do no damage. Grinder hits you!
* * * LOW HITPOINT WARNING * * *
You writhe in agony.
You die...

..###.###. ..........
## ..###.###. .S ..#
#.# . ##.##
..###.###.##. #...
...)......... ##..###
.#.##.#####.. .....
.#.##.#####.####5.#
.........<..>..)@.#
...##.##.##.####.######
#####.##.##...........#
#........###.####.#
####.....# #.# #######
#.# #.# #.# #..


You could see Grinder and an adder.

Vanquished Creatures
  A gnoll (D:2)
  An adder (D:2)
  An ooze (D:1)
  An orc (D:3)
  6 bats
  4 hobgoblins
  3 jackals (D:1)
  4 kobolds
  2 quokkas
  A ball python (D:1)
  5 giant geckos
  3 giant newts
  5 goblins
  8 rats
45 creatures vanquished.

Vanquished Creatures (others)
  A rat (D:2)
1 creature vanquished.

Grand Total: 46 creatures vanquished

Notes
Turn   | Place    | Note
--------------------------------------------------------------
     0 | D:1      | Kae, the Deep Elf Ice Elementalist, began the quest for the Orb.
     0 | D:1      | Reached XP level 1. HP: 10/10 MP: 4/4
   387 | D:1      | Reached XP level 2. HP: 13/15 MP: 7/7
   464 | D:1      | Reached skill level 4 in Ice Magic
   518 | D:1      | Learned a level 2 spell: Throw Frost
   830 | D:1      | Reached XP level 3. HP: 11/19 MP: 7/9
  1094 | D:2      | Found a blossoming altar of Fedhas.
  2185 | D:3      | Found a glowing silver altar of Zin.
  2279 | D:3      | Noticed Grinder
  2283 | D:3      | Slain by Grinder

Action                   || total
-------------------------++-------
Melee: Unarmed           ||    23
       Quarterstaff      ||     9
 Cast: Freeze            ||    53
  Use: Potion            ||     1
 Stab: Sleeping          ||     2
